 Dungeon Crawl Stone Soup version 0.27.1-35-g4d5d836560 (webtiles) character file.

Game seed: 684016227958365522

213221 Froggeryz the Spry (level 18, -6/132 HPs)
             Began as an Octopode Brigand on Mar 12, 2022.
             Was an Initiate of Gozag.
             Shot with an arrow by a satyr (25 damage)
             ... on level 2 of the Shoals on Mar 13, 2022.
             The game lasted 00:59:32 (33278 turns).

Froggeryz the Spry (Octopode Brigand)              Turns: 33278, Time: 00:59:32

Health: -6/132     AC:  6    Str: 10    XL:     18   Next: 95%
Magic:  33/33      EV: 27    Int: 14    God:    Gozag
Gold:   5589       SH:  8    Dex: 19    Spells: 13/25 levels left

rFire    + + .     SeeInvis .   d - +8 Vampire's Tooth {vamp}
rCold    x . .     Faith    .   F - +0 buckler {AC+3}
rNeg     + + .     Spirit   .   K - +2 hat of Pifuo {rN+ Will+}
rPois    +         Reflect  .   i - amulet of regeneration
rElec    +         Harm     .   u - ring of protection from fire
rCorr    +         Rampage  .   M - +4 ring of slaying
Will     ++...                  O - +6 ring of dexterity
Stlth    +++++.....             V - ring "Plog" {rElec rPois Slay+2}
HPRegen  1.32/turn              U - ring of the Real Monster {Fire rElec MP+9 Int-3 Dex-3 Slay+5}
MPRegen  0.23/turn              T - ring of resist corrosion
                                S - ring of positive energy
                                z - +4 ring of evasion

@: studying Dodging
A: almost no armour, amphibious, 8 rings, camouflage 1, gelatinous body 1,
(nimble swimmer 1), tentacles, weak 1
}: 1/15 runes: serpentine
a: Renounce Religion, Potion Petition, Call Merchant, Bribe Branch


You were on level 2 of the Shoals.
You worshipped Gozag.
Gozag was greatly pleased with you.
You visited 6 branches of the dungeon, and saw 30 of its levels.

You collected 11421 gold pieces.
You spent 3265 gold pieces at shops.
You paid 2567 gold pieces to Gozag.

Inventory:

Hand Weapons
 d - the +8 Vampire's Tooth (weapon) {vamp}
   (You bought it in a shop on level 2 of the Orcish Mines)

   It occasionally heals its wielder for the full amount of damage dealt when it
   wounds a living foe.
 X - a +5 spectral quick blade
Missiles
 b - 142 poisoned darts
 c - 5 curare-tipped darts
 E - 8 silver boomerangs
 H - 6 silver javelins
 I - 4 throwing nets
 R - 29 boomerangs (quivered)
Armour
 F - a +0 buckler of protection (worn)
 K - the +2 hat of Pifuo (worn) {rN+ Will+}
   (You found it on level 1 of the Orcish Mines)

   rN:        It protects you from negative energy.
   Will:      It increases your willpower.
 P - a +2 kite shield of reflection
 W - the +0 hat of Qinileoss {*Slow rF+ Dex+3 Slay+5}
   (You acquired it on level 4 of the Lair of Beasts)

   Dex:       It affects your dexterity (+3).
   Slay:      It affects your accuracy & damage with ranged weapons and melee
   (+5).
   rF:        It protects you from fire.
   *Slow:     It may slow you when you take damage.
Jewellery
 i - an amulet of regeneration (around mantle)
 u - a ring of protection from fire (left tentacle)
 z - a +4 ring of evasion (on tentacle)
 M - a +4 ring of slaying (right tentacle)
 O - a +6 ring of dexterity (on tentacle)
 S - a ring of positive energy (on tentacle)
 T - a ring of resist corrosion (on tentacle)
 U - the ring of the Real Monster (on tentacle) {Fire rElec MP+9 Int-3 Dex-3 Slay+5}
   (You acquired it on level 4 of the Lair of Beasts)

   [ring of fire]

   It enhances your fire magic.
   Int:       It affects your intelligence (-3).
   Dex:       It affects your dexterity (-3).
   Slay:      It affects your accuracy & damage with ranged weapons and melee
   (+5).
   rF:        It protects you from fire.
   rC:        It makes you vulnerable to cold.
   rElec:     It insulates you from electricity.
   MP:        It affects your magic capacity (+9).
 V - the ring "Plog" (on tentacle) {rElec rPois Slay+2}
   (You acquired it on level 4 of the Lair of Beasts)

   [ring of poison resistance]

   Slay:      It affects your accuracy & damage with ranged weapons and melee
   (+2).
   rElec:     It insulates you from electricity.
   rPois:     It protects you from poison.
 Z - a ring of protection from cold
Wands
 n - a wand of polymorph (8)
 s - a wand of mindburst (43)
 w - a wand of acid (28)
 y - a wand of paralysis (13)
 A - a wand of charming (20)
 D - a wand of iceblast (80)
 Y - a wand of flame (64)
Scrolls
 a - 7 scrolls of immolation
 e - 8 scrolls of enchant armour
 f - a scroll of brand weapon
 h - a scroll of holy word
 l - 2 scrolls of fear
 q - 4 scrolls of teleportation
 r - 8 scrolls of amnesia
 t - 4 scrolls of blinking
 v - 5 scrolls of magic mapping
 C - 6 scrolls of fog
Potions
 g - 2 potions of berserk rage
 j - 4 potions of resistance
 k - 4 potions of mutation
 m - 5 potions of brilliance
 o - 5 potions of curing
 p - 7 potions of heal wounds
 B - 5 potions of flight
 G - 4 potions of haste
 J - 2 potions of invisibility
 L - 2 potions of attraction {unknown}
 N - 9 potions of ambrosia
 Q - 5 potions of might {unknown}
Miscellaneous
 x - a phial of floods


   Skills:
 - Level 14.3 Fighting
 - Level 10.4 Short Blades
 - Level 11.1 Throwing
 - Level 15.2 Dodging
 - Level 9.1 Stealth
 + Level 14.3 Shields
 - Level 4.4 Spellcasting
 - Level 13.7 Hexes
 - Level 9.0 Translocations
 - Level 10.4 Transmutations
 - Level 6.2 Poison Magic


You had 13 spell levels left.
You knew the following spells:

 Your Spells              Type           Power      Damage    Failure   Level
a - Blink                 Tloc           N/A        N/A       1%          2
b - Alistair's Intoxicat  Tmut/Pois      17%        N/A       17%         5
c - Yara's Violent Unrav  Hex/Tmut       18%        3d9       3%          5

Your spell library contained the following spells:

 Spells                   Type           Power      Damage    Failure   Level
 Beastly Appendage        Tmut           64%        N/A       1%          1
 Ensorcelled Hibernation  Hex/Ice        44%        N/A       1%          2
 Slow                     Hex            41%        N/A       1%          2
 Confusing Touch          Hex            41%        N/A       1%          3
 Lesser Beckoning         Tloc           14%        N/A       1%          3
 Portal Projectile        Hex/Tloc       70%        N/A       1%          3
 Spider Form              Tmut/Pois      13%        N/A       1%          3
 Cause Fear               Hex            20%        N/A       1%          4
 Passwall                 Tmut/Erth      14%        N/A       3%          2
 Inner Flame              Hex/Fire       33%        N/A       3%          3
 Passage of Golubria      Tloc           N/A        N/A       4%          4
 Blade Hands              Tmut           16%        N/A       7%          5
 Invisibility             Hex            20%        N/A       10%         6
 Fulminant Prism          Conj/Hex       11%        3d9       11%         4
 Leda's Liquefaction      Hex/Erth       11%        N/A       11%         4
 Manifold Assault         Tloc           28%        N/A       12%         5
 Olgreb's Toxic Radiance  Pois           20%        N/A       14%         4
 Magic Dart               Conj           12%        1d3       19%         1
 Ice Form                 Ice/Tmut       17%        N/A       22%         4
 Petrify                  Tmut/Erth      17%        N/A       22%         4
 Mephitic Cloud           Conj/Pois/Air  8%         N/A       24%         3
 Call Imp                 Summ           3%         N/A       28%         2
 Corpse Rot               Necr/Air       N/A        N/A       28%         2
 Searing Ray              Conj           6%         3d3       28%         2
 Static Discharge         Conj/Air       3%         N/A       28%         2
 Silence                  Hex/Air        11%        N/A       30%         5
 Summon Mana Viper        Hex/Summ       22%        N/A       30%         5
 Call Canine Familiar     Summ           3%         N/A       50%         3
 Frozen Ramparts          Ice            6%         1d2       50%         3
 Stone Arrow              Conj/Erth      6%         3d7       50%         3
 Swiftness                Air            3%         N/A       50%         3
 Vampiric Draining        Necr           1%         2d6       50%         3
 Summon Forest            Summ/Tloc      7%         N/A       63%         5
 Eringya's Noxious Bog    Tmut/Pois      13%        N/A       67%         6
 Dispel Undead            Necr           3%         3d7       88%         4
 Sticky Flame             Conj/Fire      4%         2d3       88%         4
 Summon Ice Beast         Ice/Summ       3%         N/A       88%         4
 Summon Lightning Spire   Summ/Air       3%         N/A       88%         4
 Statue Form              Tmut/Erth      11%        N/A       97%         6
 Borgnjor's Vile Clutch   Necr/Erth      1%         N/A       99%         5
 Iskenderun's Battlesphe  Conj           3%         2d6       99%         5
 Discord                  Hex            20%        N/A       99%         8
 Death Channel            Necr           1%         N/A       100%        6
 Iron Shot                Conj/Erth      1%         9d1       100%        6
 Shadow Creatures         Summ           N/A        N/A       100%        6
 Monstrous Menagerie      Summ           1%         N/A       100%        7
 Ozocubu's Refrigeration  Ice            1%         4d5       100%        7
 Spellforged Servitor     Conj/Summ      1%         N/A       100%        7
 Storm Form               Tmut/Air       8%         N/A       100%        7
 Ignition                 Fire           2%         3d3       100%        8
 Lehudib's Crystal Spear  Conj/Erth      1%         10d2      100%        8
 Maxwell's Capacitive Co  Air            1%         ∞         100%        8
 Polar Vortex             Ice            1%         N/A       100%        9
 Animate Armour           Summ/Erth      Unusable   N/A       N/A         4

Dungeon Overview and Level Annotations

Branches:
Dungeon (15/15)            Temple (1/1) D:7            Lair (6/6) D:11
 Shoals (2/4) Lair:3        Snake (4/4) Lair:3        Slime (0/5) Lair:5
    Orc (2/2) D:12            Elf (0/3) Orc:2        Vaults (0/5) D:14
 Depths (0/5) D:15

Altars:
Ashenzari
Cheibriados
Elyvilon
Fedhas
Gozag
Hepliaklqana
Kikubaaqudgha
Makhleb
Nemelex Xobeh
Okawaru
Qazlal
Ru
Sif Muna
Trog
Vehumet
Wu Jian
Xom
Yredelemnul
Zin
The Shining One
Beogh
Jiyva

Shops:
D:4 *[?   D:7 =[*([   D:8 [   D:9 (   D:12 (   D:13 **   Orc:2 ([[!   Lair:4 (
Lair:6 :   Shoals:1 =   Shoals:2 *   Snake:1 :   Snake:4 **

Annotations:
D:10 3 runed translucent doors, destino's ghost, novice NaMo
Lair:4 2 transporters
Snake:4 3 runed translucent doors, exclusion: obsidian statue, Zoimialu's ghost, adept OpWz


Innate Abilities, Weirdness & Mutations

You cannot wear most types of armour.
You are amphibious.
You can wear up to eight rings at the same time.
Your skin changes colour to match your surroundings (Stealth+).
Your rubbery body absorbs attacks. (AC +1, EV +1)
((You are camouflaged near water. (Stealth+)))
You have tentacles for arms and can constrict up to eight enemies at once.
You are weak. (Str -2)


Message History

The faun is heavily wounded.
You constrict the faun. The faun hits you with a +0 club!!
The faun unwields a +0 hunting sling.
The faun wields a +0 spear.
The faun misses you.
You puncture the faun! You squeeze the faun!
You kill the faun!
You hear a splash. x3
You hit the faun.
You feel better.
Your grab misses the faun.
The faun is lightly wounded.
The satyr shoots an arrow.
The arrow hits you! The arrow freezes you!
You are too injured to fight recklessly!
You are too injured to fight recklessly!
You are too injured to fight recklessly!
You impale the faun!! You grab the faun.
The faun is heavily wounded.
You constrict the faun, but do no damage.
The faun barely misses you.
You impale the faun!! You squeeze the faun.
You kill the faun!
The satyr shoots an arrow.
The arrow hits you!!
* * * LOW HITPOINT WARNING * * *
The arrow freezes you!
* * * LOW HITPOINT WARNING * * *
The satyr is distracted by your dazzling golden aura.
You feel much better.
The satyr is no longer distracted by gold.
The satyr shoots an arrow.
The arrow completely misses you.
The satyr shoots an arrow.
The arrow completely misses you.
You are no longer terrified.
You start resting.
A satyr is nearby!
The satyr shoots an arrow.
The arrow hits you!!
* * * LOW HITPOINT WARNING * * *
The arrow freezes you.
* * * LOW HITPOINT WARNING * * *
You feel much better.
The satyr shoots an arrow.
The arrow hits you!!
* * * LOW HITPOINT WARNING * * *
The arrow freezes you!!
You die...
Your body crumbles into a pile of gold.

≈≈≈≈≈..≈.....≈≈≈≈≈≈≈..
≈≈≈≈≈.≈≈..≈..≈≈≈≈≈≈≈≈.
≈≈≈≈≈≈≈$....≈≈≈≈≈≈≈≈≈.
≈≈≈≈..≈≈≈≈$..≈≈≈≈≈≈≈≈≈
≈≈≈.c.≈$.....≈≈.≈.≈≈≈≈
≈≈≈≈≈≈...#...≈≈.≈≈≈≈≈≈
.≈≈......##..≈≈$.≈≈≈≈≈
.≈≈.....###.≈≈....≈...
≈≈≈..#..@...≈..........
≈≈.....≈≈...≈.......≈.##
≈≈≈≈≈≈
≈≈≈≈≈≈≈...≈≈.$...#.....#.
≈≈≈≈≈≈
≈≈≈≈...≈≈≈≈≈≈≈≈≈.........
≈≈≈≈≈≈
≈≈≈≈≈.≈≈≈≈≈≈≈≈≈≈.......≈≈
≈≈≈≈≈≈
≈≈≈≈≈≈.≈≈≈≈≈≈≈≈≈........≈
≈≈≈≈≈≈
≈≈≈≈≈≈≈≈≈≈≈≈≈≈≈≈.........
≈≈≈≈≈≈
≈≈≈≈≈≈≈≈≈≈≈≈≈≈≈......^..
≈≈≈≈≈≈
≈≈≈≈≈≈≈≈≈..........


You could see a satyr.

Vanquished Creatures
  Bai Suzhen (Snake:2)
  Frances (Snake:1)
  Gastronok (Lair:3)
  9 nagarajas
  Aizul (Snake:3)
  The ghost of Bayzun the Tainter, a journeyman DsVM of Vehumet (Orc:1)
  The ghost of makewrite the Severer, a journeyman MiBe of Trog (Lair:1)
  Josephine (D:15)
  An ettin (D:15)
  2 merfolk impalers (Shoals:1)
  Fannar (Lair:2)
  3 vault guards (D:14)
  6 boulder beetles
  13 naga warriors
  A catoblepas (Lair:6)
  11 hydras
  4 death knights
  Erica (D:11)
  A salamander tyrant (Snake:3)
  3 centaur warriors
  4 merfolk aquamancers
  11 anacondas
  A merfolk avatar (Shoals:2)
  5 two-headed ogres
  4 death yaks
  A tengu warrior (D:15)
  8 naga sharpshooters
  Urug (Lair:3)
  3 orc high priests (Orc:2)
  12 shock serpents
  Nergalle (D:11)
  A skeletal warrior (D:15)
  2 deep trolls (D:15)
  17 sea snakes
  5 phantasmal warriors
  8 naga ritualists
  4 wizards (D:14)
  A glowing orange brain (D:11)
  5 orc knights
  3 lindwurms (Lair:6)
  An obsidian statue (D:12)
  3 necromancers
  7 fauns
  25 ugly things
  6 deep elf pyromancers
  A deep elf zephyrmancer (Orc:1)
  5 orc sorcerers
  9 mana vipers
  8 salamanders
  3 oklob plants (Lair:3)
  5 manticores
  2 cyclopes
  An ice statue (D:12)
  11 guardian serpents
  26 naga magi
  Maurice (Orc:1)
  A merfolk siren (Shoals:2)
  36 black mambas
  8 elephants
  19 cane toads
  3 torpor snails
  2 kobold demonologists (D:10)
  Psyche (D:9)
  6 rime drakes
  10 komodo dragons
  2 freezing wraiths (D:14)
  An efreet (D:13)
  A yaktaur (shapeshifter) (D:15)
  5 trolls
  11 merfolk
  6 meliai
  9 polar bears
  A queen bee (Lair:6)
  A dream sheep (Lair:6)
  2 hornets (Lair:6)
  3 slime creatures (D:15)
  4 blink frogs
  A snapping turtle (Shoals:1)
  11 wraiths
  2 water elementals (Shoals:2)
  2 shadows
  3 spriggans (Lair:1)
  7 wyverns
  17 humans (D:14)
  39 yaks
  8 basilisks
  3 vampire mosquitoes
  7 electric eels (D:11)
  56 nagas
  Edmund (D:4)
  2 wargs
  3 acid dragons
  23 water moccasins
  A floating eye (Lair:3)
  A swamp drake (Orc:1)
  20 orc warriors
  2 sky beasts
  An ice beast (D:5)
  A hornet zombie (D:8)
  2 necrophages
  4 black bears
  4 ogres
  22 wolves
  10 centaurs
  7 kobold brigands
  12 bullfrogs
  Blork the orc (Orc:1)
  A gnoll sergeant (D:10)
  A scorpion (D:7)
  A wyvern skeleton (D:6)
  4 howler monkeys
  33 killer bees
  A crimson imp (Orc:1)
  3 centaur zombies
  2 gnoll shamans
  A hound (D:6)
  19 orc priests
  A bullfrog skeleton (D:6)
  2 jellies
  An iron imp (Orc:1)
  25 orc wizards
  4 iguanas
  9 hell rats
  A hound zombie (D:5)
  A hound skeleton (D:4)
  A howler monkey zombie (D:6)
  9 adders
  21 gnolls
  2 howler monkey skeletons
  8 river rats (Lair:6)
  2 shadow imps
  A white imp (D:8)
  2 ufetubi
  An adder skeleton (D:5)
  2 worms
  4 dart slugs
  68 orcs
  5 endoplasms
  2 giant cockroaches
  6 goblins
  6 hobgoblins
  4 jackals
  A quokka (D:1)
  4 ball pythons
  4 bats
  7 frilled lizards
  30 kobolds
  8 rats
  A plant (Lair:3)
988 creatures vanquished.

Vanquished Creatures (collateral kills)
  A basilisk (D:11)
  2 vampire mosquitoes (D:11)
  2 water moccasins (D:11)
  An electric eel (D:11)
6 creatures vanquished.

Vanquished Creatures (others)
  A centaur warrior (D:13)
  A vampire mosquito (D:11)
  A white imp (Orc:1)
  2 orcs (Orc:1)
  25 fungi
  165 plants
195 creatures vanquished.

Grand Total: 1189 creatures vanquished

Notes
Turn   | Place    | Note
-------+----------+-------------------------------------------
     0 | D:1      | Froggeryz the Octopode Brigand began the quest for the Orb.
     0 | D:1      | Reached XP level 1. HP: 14/14 MP: 1/1
    15 | D:1      | You fall into a shaft and drop 1 floor!
    22 | D:2      | Reached XP level 2. HP: 10/19 MP: 2/2
   182 | D:2      | Identified a scroll of acquirement
   182 | D:2      | Acquired a +2 hat
   366 | D:1      | Reached XP level 3. HP: 24/24 MP: 3/3
   925 | D:2      | Reached XP level 4. HP: 27/29 MP: 4/4
  1146 | D:2      | Found a faded altar of an unknown god.
  1597 | D:3      | Reached XP level 5. HP: 35/35 MP: 5/5
  2124 | D:3      | Got the Incunabulum of Cold and Shape Shifting
  2189 | D:3      | Reached skill level 5 in Short Blades
  2579 | D:4      | Reached XP level 6. HP: 42/42 MP: 6/6
  2621 | D:4      | Found Zutuwn's Magic Scroll Emporium.
  2632 | D:4      | Bought a scroll of blinking for 82 gold pieces
  2632 | D:4      | Bought a scroll of teleportation for 33 gold pieces
  2767 | D:4      | Found Tuulah's Assorted Antiques.
  2788 | D:4      | Bought a scroll labelled QOLIENGIAVUU for 21 gold pieces
  2788 | D:4      | Bought a scroll labelled REKHITTEAF for 21 gold pieces
  2818 | D:4      | Found Jotudgh's Armour Shop.
  2824 | D:4      | Noticed Edmund
  2841 | D:4      | Killed Edmund
  3059 | D:5      | Entered Level 5 of the Dungeon
  3074 | D:5      | Noticed a sky beast
  3131 | D:5      | Killed a sky beast
  3132 | D:5      | Reached XP level 7. HP: 39/48 MP: 7/7
  3305 | D:5      | Reached skill level 2 in Dodging
  3493 | D:5      | Found a radiant altar of Vehumet.
  3619 | D:5      | Found an iron altar of Okawaru.
  3952 | D:6      | Reached XP level 8. HP: 38/54 MP: 8/8
  4003 | D:6      | Reached skill level 3 in Dodging
  4460 | D:6      | Found a stormy altar of Qazlal.
  4460 | D:6      | Found a glowing silver altar of Zin.
  4709 | D:6      | Reached skill level 4 in Dodging
  5286 | D:7      | Found Oluunuch's Antique Armour Emporium.
  5545 | D:7      | Found Subunlof's Jewellery Shoppe.
  5787 | D:7      | Found Iptenoi's General Store.
  5829 | D:7      | Found Bufryelo's Weapon Boutique.
  5839 | D:7      | Reached XP level 9. HP: 58/58 MP: 9/9
  5902 | D:7      | Reached skill level 5 in Dodging
  6079 | D:7      | Found a staircase to the Ecumenical Temple.
  6090 | D:7      | Reached skill level 10 in Short Blades
  6114 | Temple   | Entered the Ecumenical Temple
  6124 | Temple   | Became a worshipper of Gozag Ym Sagoz the Greedy
  6250 | D:7      | Found Siuq's Armour Emporium.
  6261 | D:7      | Bought a +0 buckler of protection for 138 gold pieces
  6626 | D:8      | Reached skill level 1 in Shields
  6662 | D:8      | Found Jorucvet's Antique Armour Shop.
  6870 | D:8      | Reached skill level 6 in Dodging
  7028 | D:8      | Found a hazy altar of Hepliaklqana.
  7987 | D:9      | Found Soaf's Antique Weapon Shop.
  8048 | D:9      | Noticed Psyche
  8079 | D:9      | Killed Psyche
  8080 | D:9      | Reached skill level 7 in Dodging
  8080 | D:9      | Reached XP level 10. HP: 64/64 MP: 10/10
  8171 | D:9      | Reached skill level 8 in Dodging
  8323 | D:9      | Reached skill level 9 in Dodging
  8877 | D:9      | Noticed a two-headed ogre
  8879 | D:9      | Killed a two-headed ogre
  8880 | D:9      | Reached skill level 10 in Dodging
  8893 | D:9      | Found a glowing golden altar of the Shining One.
  9044 | D:10     | Entered Level 10 of the Dungeon
  9343 | D:10     | Reached skill level 1 in Spellcasting
  9890 | D:10     | Found a runed translucent gate.
  9890 | D:10     | Found a runed translucent gate.
  9890 | D:10     | Found a runed translucent gate.
  9890 | D:10     | Noticed a cyan ugly thing
  9890 | D:10     | Noticed a cyan ugly thing
  9890 | D:10     | Noticed a glowing orange brain
  9890 | D:10     | Noticed a purple ugly thing
  9891 | D:10     | Noticed a purple ugly thing
  9891 | D:10     | Noticed a purple ugly thing
  9891 | D:10     | Noticed a white ugly thing
 10419 | D:11     | Noticed Erica
 10524 | D:11     | Reached XP level 11. HP: 38/69 MP: 13/15
 10804 | D:11     | Killed Erica
 11074 | D:11     | Found a staircase to the Lair.
 11148 | D:10     | Reached skill level 5 in Throwing
 11174 | D:11     | Noticed a sun demon
 11225 | D:11     | Noticed a sixfirhy
 11903 | D:12     | Noticed Nergalle
 11934 | D:11     | Killed Nergalle
 12068 | Lair:1   | Entered Level 1 of the Lair of Beasts
 12255 | D:7      | Bought a +4 ring of slaying for 1014 gold pieces
 12505 | Lair:1   | Found a runed translucent door.
 12509 | Lair:1   | Identified the +4 spear of Jeblazaf {vorpal, Fragile rElec
                  | rC++ Stlth+}
 12683 | Lair:1   | Reached XP level 12. HP: 31/74 MP: 18/18
 13138 | Lair:1   | Identified the +6 chain mail "Burphe Iwoa" {*Slow rCorr
                  | Str+3}
 13146 | Lair:1   | Noticed makewrite's ghost (journeyman MiBe)
 13763 | Lair:2   | Reached skill level 10 in Throwing
 14018 | Lair:2   | Noticed a death yak
 14020 | Lair:2   | Noticed a death yak
 14021 | Lair:2   | Noticed a death yak
 14047 | Lair:2   | Killed a death yak
 14069 | Lair:2   | Killed a death yak
 14087 | Lair:2   | Killed a death yak
 14496 | Lair:2   | Reached skill level 5 in Fighting
 14570 | Lair:3   | Noticed Urug
 14677 | Lair:3   | Killed Urug
 14693 | Lair:3   | Noticed Fannar
 14804 | Lair:2   | Killed Fannar
 14928 | Lair:3   | Found a staircase to the Snake Pit.
 14984 | Lair:3   | Reached XP level 13. HP: 62/88 MP: 19/19
 15380 | Lair:3   | Found a staircase to the Shoals.
 16048 | Lair:4   | Acquired the ring of the Real Monster {Fire rElec MP+9
                  | Int-3 Dex-3 Slay+5}
 16050 | Lair:4   | Acquired the ring "Plog" {rElec rPois Slay+2}
 16053 | Lair:4   | Acquired the +0 hat of Qinileoss {*Slow rF+ Dex+3 Slay+5}
 16065 | Lair:4   | Acquired a manual of Dodging
 16162 | Lair:4   | Reached skill level 10 in Fighting
 16609 | Lair:3   | Noticed Gastronok
 16635 | Lair:3   | Killed Gastronok
 16709 | Lair:4   | Found a transporter.
 16712 | Lair:4   | Found a transporter.
 17575 | Lair:5   | Reached skill level 11 in Dodging
 17613 | Lair:5   | Found a viscous altar of Jiyva.
 17614 | Lair:5   | Found a staircase to the Slime Pits.
 17920 | Lair:5   | You fall into a shaft and drop 1 floor!
 17920 | Lair:6   | Entered Level 6 of the Lair of Beasts
 17940 | Lair:6   | Reached XP level 14. HP: 93/104 MP: 20/20
 18113 | Lair:6   | Reached skill level 12 in Dodging
 18714 | Lair:6   | Reached skill level 13 in Dodging
 19843 | Lair:6   | Bought a book of Spatial Translocations for 390 gold pieces
 19846 | Lair:6   | Learned a level 2 spell: Blink
 20045 | D:11     | Reached skill level 1 in Translocations
 20089 | D:10     | Reached skill level 5 in Shields
 20128 | D:10     | Found a runed translucent gate.
 20128 | D:10     | Found a runed translucent gate.
 20134 | D:10     | Found a runed translucent gate.
 20134 | D:10     | Noticed destino's ghost (novice NaMo)
 20327 | Lair:1   | Killed makewrite's ghost
 20497 | D:11     | Reached skill level 14 in Dodging
 20552 | D:11     | Reached XP level 15. HP: 81/108 MP: 21/21
 20785 | D:12     | Found a staircase to the Orcish Mines.
 21269 | Orc:1    | Entered Level 1 of the Orcish Mines
 21381 | Orc:2    | Entered Level 2 of the Orcish Mines
 21381 | Orc:2    | Found a staircase to the Elven Halls.
 21466 | Orc:1    | Noticed Blork the orc
 21472 | Orc:1    | Killed Blork the orc
 21492 | Orc:1    | Noticed Maurice
 21520 | Orc:1    | Killed Maurice
 21601 | Orc:1    | Identified the +2 hat of Pifuo {rN+ Will+}
 21985 | Orc:1    | Found a runed translucent door.
 21987 | Orc:1    | Noticed Bayzun's ghost (journeyman DsVM)
 22099 | Orc:1    | Killed Bayzun's ghost
 22100 | Orc:1    | Reached skill level 5 in Translocations
 22117 | Orc:1    | Learned a level 5 spell: Alistair's Intoxication
 22374 | Orc:2    | Found Iwuhak's Distillery.
 22411 | Orc:2    | Reached skill level 1 in Poison Magic
 22413 | Orc:2    | Found Kongass's Weapon Boutique.
 22645 | Orc:2    | Reached skill level 1 in Transmutations
 22901 | Orc:2    | Paralysed by an orc sorcerer for 5 turns
 22906 | Orc:2    | Gained mutation: You are weak. (Str -2) [a neqoxec]
 23020 | Orc:2    | Found Junas's Armour Shoppe.
 23025 | Orc:2    | Found Kapsiuz's Armour Shoppe.
 23291 | Orc:2    | Bought a potion of brilliance for 56 gold pieces
 23291 | Orc:2    | Bought a potion of berserk rage for 70 gold pieces
 23450 | Orc:2    | Bought the +8 Vampire's Tooth {vamp} for 840 gold pieces
 23450 | Orc:2    | Found the +8 Vampire's Tooth {vamp}
 23542 | D:13     | Found a shimmering altar of Xom.
 23641 | D:13     | Found Ysooskim's General Store.
 23642 | D:13     | Found Astreola's Specific Store.
 23788 | D:13     | Reached skill level 15 in Dodging
 23788 | D:13     | Reached skill level 5 in Poison Magic
 24053 | D:13     | Bought a scroll of teleportation for 45 gold pieces
 24053 | D:13     | Bought a potion of curing for 45 gold pieces
 24053 | D:13     | Bought a potion of degeneration for 15 gold pieces
 24819 | D:14     | Reached XP level 16. HP: 118/120 MP: 22/22
 24879 | D:14     | Reached skill level 5 in Transmutations
 25127 | D:14     | Found an opulent altar of Gozag.
 25395 | D:14     | Found a gate to the Vaults.
 25505 | D:15     | Entered Level 15 of the Dungeon
 25628 | D:15     | Noticed Josephine
 25661 | D:15     | Killed Josephine
 25701 | D:15     | Reached skill level 10 in Shields
 26104 | D:15     | Found a staircase to the Depths.
 26591 | Snake:1  | Entered Level 1 of the Snake Pit
 26983 | Snake:1  | Found Raguajo's Book Emporium.
 26989 | Snake:1  | Noticed Frances
 27004 | Snake:1  | Killed Frances
 27260 | Snake:2  | Reached XP level 17. HP: 126/126 MP: 23/23
 27645 | Snake:2  | Reached skill level 10 in Transmutations
 28212 | Snake:2  | Learned a level 5 spell: Yara's Violent Unravelling
 28294 | Snake:2  | Reached skill level 1 in Hexes
 28487 | Snake:3  | Noticed Bai Suzhen
 28539 | Snake:2  | Killed Bai Suzhen
 28638 | Snake:3  | Noticed Aizul
 28655 | Snake:3  | Killed Aizul
 28656 | Snake:3  | Reached skill level 5 in Hexes
 28796 | Snake:3  | Found a burning altar of Makhleb.
 30111 | Snake:4  | Entered Level 4 of the Snake Pit
 30382 | Snake:4  | Found a runed translucent gate.
 30383 | Snake:4  | Found a runed translucent gate.
 30384 | Snake:4  | Found a runed translucent gate.
 30384 | Snake:4  | Found an opulent altar of Gozag.
 30387 | Snake:4  | Found Efivu's Assorted Antiques.
 30387 | Snake:4  | Found Wir Yzip's Assorted Antiques.
 30387 | Snake:4  | Noticed Zoimialu's ghost (adept OpWz)
 30566 | Snake:4  | Reached XP level 18. HP: 132/132 MP: 24/24
 30602 | Snake:4  | Reached skill level 10 in Hexes
 31816 | Snake:4  | Acquired a +5 quick blade
 31941 | Snake:4  | Got a serpentine rune of Zot
 32143 | Shoals:1 | Entered Level 1 of the Shoals
 32227 | Shoals:1 | Found Puggotug's Jewellery Boutique.
 33188 | Shoals:2 | Found Womnaipt's Assorted Antiques.
 33234 | Shoals:2 | Bought a bloodstained rapier for 198 gold pieces
 33234 | Shoals:2 | Identified the +4 rapier of Hifat {elec, Str+4 Dex+5} (You
                  | bought it in a shop on level 2 of the Shoals)
 33234 | Shoals:2 | Bought a scroll of enchant armour for 165 gold pieces
 33234 | Shoals:2 | Bought a potion of curing for 66 gold pieces
 33234 | Shoals:2 | Bought a potion of curing for 66 gold pieces
 33278 | Shoals:2 | Shot with an arrow by a satyr

Illustrated notes

Levels and vault maps discovered:
D:1:      elethiomel_arrival_infinity_welcomes_careful_drivers, layout_rooms
D:2:      layout_loops_ring, shapermc_ecumenical_altar_venn, minivault_23
D:3:      layout_basic, serial_co_window_serial, co_window_paths_a,
          co_window_paths_a, co_window_paths_a, co_window_paths_a,
          co_window_cross_1, co_window_paths_c, co_window_corner_ca,
          co_window_2corner, co_window_of_opportunity_b, co_window_corner_ca,
          co_window_broadway_a, co_window_corner_b, co_window_4corner_a,
          glass_columns_c, glass_columns_c, glass_columns_a, glass_columns_a,
          minmay_misc_feat_columns
D:4:      layout_basic, serial_curves, eino_curves_01, eino_curves_03,
          serial_shops, nicolae_shop_waterfront, shop, nicolae_shop_stone,
          minmay_misc_feat_pillars, uniq_edmund
D:5:      layout_basic, lemuel_doored_altar, nicolae_overflow_hidden_temple
D:6:      layout_layer_cave, mainiacjoe_overflow_divided_tiny
D:7:      layout_loops_corners, minmay_temple_entry_large_hall, serial_shops,
          nicolae_inconvenience_store, shop,
          nicolae_shop_competitors_out_of_business, shop, shop
D:8:      layout_basic, worldfamousw_hep_ancestral_shrine, serial_shops,
          nicolae_take_the_stairs
D:9:      layout_loops_corners, marbit_many_paths, serial_shops, shop,
          uniq_psyche
D:10:     layout_loops_corners, ploomutoo_gammafunk_ghost_potion_laboratory,
          lemuel_flamethrower_2
D:11:     layout_basic, minmay_lair_entry_grove, uniq_erica
D:12:     layout_cave_pools, erik_orc_4, minmay_more_statues, uniq_nergalle
D:13:     layout_gridville, nicolae_specific_store, xom_confusion_cloud
D:14:     layout_basic, grunt_vaults_entry_tiered, grunt_gozag_breadcrumbs
D:15:     hangedman_depths_entry_civil_slaughter, layout_basic,
          minmay_crystal_room, uniq_josephine
Temple:   nicolae_temple_x_marks_the_god
Lair:1:   layout_gridlike, ebering_ghost_funeral_grove,
          cheibrodos_lair_lostbears, infiniplex_staircase_pool
Lair:2:   layout_cave_shapes, infiniplex_staircase_pool_2
Lair:3:   layout_regular_city, shoals_dummy_entry,
          minmay_snake_entry_six_corridors, disabler_island,
          serial_bayou_shore_b, uniq_gastronok, uniq_fannar, uniq_urug
Lair:4:   gammafunk_boulding_lane, layout_cellular_growth, grunt_megastairs_4
Lair:5:   layout_concentric_octagons, slime_altar_1,
          nicolae_quartered_pool_medium
Lair:6:   hangedman_lair_in_review, layout_gridlike, special_room
          [special_room_bee], kennysheep_rathole
Shoals:1: cheibrodos_shoals_three_sisters, layout_shoals,
          minmay_shop_enchanted_jewellery
Shoals:2: layout_shoals, serial_shops, shop, uniq_polyphemus
Snake:1:  layout_cave_shapes, serial_shops, shop, uniq_frances
Snake:2:  layout_basic, grunt_megastairs_3, lemuel_fruit_tree
Snake:3:  layout_chambers, basic_altar, uniq_bai_suzhen, uniq_aizul
Snake:4:  grunt_snake_rune_pools, layout_misc_corridors, ebering_ghost_gozag,
          nicolae_snake_gridmaze_entwining, abandoned_shop
Orc:1:    layout_diamond_mine, ebering_ghost_inner_flame, hangedman_minor_magic,
          uniq_maurice
Orc:2:    st_orc_elflike, layout_caves, minmay_orc_temple_a

Skill      XL: |  1  2  3  4  5  6  7  8  9 10 11 12 13 14 15 16 17 18 |
---------------+-------------------------------------------------------+-----
Short Blades   | 3 4 5 6 7 9 10 | 10.4
Fighting       | 3 4 8 12 14 | 14.3
Dodging        | 2 4 7 10 11 14 15 | 15.2
Shields        | 4 5 8 11 13 14 | 14.3
Spellcasting   | 2 4 |  4.4
Stealth        | 7 9 |  9.1
Throwing       | 8 11 | 11.1
Translocations | 3 5 7 9 |  9.0
Poison Magic   | 6 |  6.2
Transmutations | 4 9 10 | 10.4
Hexes          | 9 13 | 13.7

Action                   |  1- 3 |  4- 6 |  7- 9 | 10-12 | 13-15 | 16-18 || total
-------------------------+-------+-------+-------+-------+-------+-------++-------
Melee: Dagger            |    64 |   128 |   364 |   804 |   919 |       ||  2279
       Constrict         |    14 |    26 |    68 |    73 |   174 |   137 ||   492
       Tentacles         |     9 |    20 |    97 |   219 |   311 |   406 ||  1062
       Quick blade       |       |       |       |       |   147 |  1609 ||  1756
Throw: Dart              |     4 |    13 |     5 |    29 |    62 |       ||   113
       Boomerang         |       |       |       |       |       |    41 ||    41
 Cast: Yara's Violent Un |       |       |       |       |       |     1 ||     1
Invok: Call Merchant     |       |       |       |       |     3 |       ||     3
Evoke: Wand              |       |       |     4 |     7 |     3 |       ||    14
  Use: Scroll            |     1 |       |     6 |     9 |    16 |    11 ||    43
       Potion            |       |       |       |     2 |     3 |     4 ||     9
 Stab: Sleeping          |     9 |    17 |    11 |    12 |    30 |    41 ||   120
       Distracted        |       |       |       |     2 |     9 |    12 ||    23
       Petrified         |       |       |       |     1 |       |       ||     1
       Betrayed ally     |       |       |       |     1 |       |       ||     1
Armor: Skin              |    11 |     4 |    38 |    94 |    43 |    43 ||   233
Dodge: Dodged            |    33 |    51 |   180 |   448 |   588 |   614 ||  1914
Block: Buckler           |       |       |     1 |   150 |   145 |   245 ||   541
